 Dungeon Sprint DCSS version 0.30-a0-802-gb92711bcdf (webtiles) character file.

Game seed: 15296370694586739650

634 retardedninja the Fighter (level 7, -8/73 HPs)
             Began as a Minotaur Fighter on Feb 24, 2023.
             Was an Initiate of Jiyva.
             Mangled by a demonic crawler (10 damage)
             ... in the Dungeon (Sprint I: "Red Sonja").
             The game lasted 00:01:06 (1107 turns).

retardedninja the Fighter (Minotaur Fighter)        Turns: 1107, Time: 00:01:07

Health: -8/73      AC:  8    Str: 22    XL:     7   Next: 24%
Magic:  6/6        EV: 10    Int:  5    God:    Jiyva [......]
Gold:   297        SH:  6    Dex: 10    Spells: 6/6 levels left

rFire   . . .      SeeInvis .    a - +0 war axe
rCold   . . .      Faith    .    c - +0 buckler
rNeg    . . .      Spirit   .    b - +0 scale mail
rPois   .          Reflect  .    (helmet restricted)
rElec   .          Harm     .    (no cloak)
rCorr   .          Rampage  .    (no gloves)
Will    .....      NoTele   +    (no boots) Stlth
                                 (no amulet)
HPRegen 0.32/turn                (no ring)
MPRegen 0.10/turn                (no ring)

@: no status effects
A: horns 2, retaliatory headbutt
a: Renounce Religion


You were in the Dungeon.
You worshipped Jiyva.
Jiyva was noncommittal.
You visited 1 branch You collected 297 gold pieces.

Inventory:

Hand Weapons
 a - a +0 war axe (weapon)
Armour
 b - a +0 scale mail (worn)
 c - a +0 buckler (worn)
Wands
 k - a wand of roots (3)
Scrolls
 j - a scroll of blinking
Potions
 h - 2 potions of magic


   Skills:
 + Level 10.4 Fighting
 + Level 9.2 Axes
 + Level 10.2 Armour
 + Level 2.0 Dodging
 + Level 9.9 Shields


You had 6 spell levels left.
You didn't know any spells.
Your spell library was empty.

Dungeon Overview and Level Annotations

Branches:
Dungeon (1/1)

Altars:
Cheibriados
Dithmenos
Elyvilon
Fedhas
Gozag
Hepliaklqana
Kikubaaqudgha
Makhleb
Nemelex Xobeh
Okawaru
Qazlal
Ru
Sif Muna
Trog
Uskayaw
Vehumet
Wu Jian
Xom
Yredelemnul
Zin
The Shining One
Jiyva
Lugonu

Shops:
D [


Innate Abilities, Weirdness & Mutations

You have a pair of horns on your head.
You reflexively headbutt those who attack you in melee.


Message History

You start waiting.
You hear a distant slurping noise. x5
You hear a squelching noise.
You hear a distant slurping noise.
Jiyva gurgles merrily.
You hear a distant slurping noise. x4
You start waiting.
You hear a distant slurping noise.
A demonic crawler comes into view.
A demonic crawler is nearby!
A demonic crawler is nearby!
The demonic crawler gives a hideous shriek!
You swap places.
A demonic crawler comes into view.
The demonic crawler hits you. You block the demonic crawler's attack.
The demonic crawler completely misses you.
There is an open door, spattered with blood here.
The demonic crawler gives a hideous shriek!
You hit the demonic crawler but do no damage.
The demonic crawler hits you. x3
The demonic crawler attacks as you move away!
The demonic crawler hits you!
The demonic crawler completely misses you.
The demonic crawler hits you but does no damage.
A demonic crawler comes into view.
The demonic crawler hits you! You block the demonic crawler's attack.
The demonic crawler hits you!
* * * LOW HITPOINT WARNING * * *
Aiming: Fastroot
Press: ? - help, Q - select action Shift-Dir - straight line, f - demonic crawler
Aim: a demonic crawler The roots erupt in riotous growth!
Roots grab the demonic crawler.
Roots grab the demonic crawler.
The demonic crawler gives a hideous shriek!
The grasping roots constrict the demonic crawler. x2
The demonic crawler closely misses you. The demonic crawler hits you!
* * * LOW HITPOINT WARNING * * *
The demonic crawler hits you!
You die...

###################
#<.#..)..#..'..#__#
#..').#..').#..'..+
#..#####'#####'#__#
#..####..#...#.####(
#..#__####..##§#§§§§c
#..#_G___##'#_.§~§§..
#⌠⌠#_.∩..@sss.§#
####_..__##_.#.#
#_____###.# #######
.# . .# #


You could see 3 demonic crawlers and a neutral shining eye (wandering) (fellow
slime).

Vanquished Creatures
  A hornet (D)
  A slime creature (D)
  Sigmund (D)
  A yak (D)
  An ogre (D)
  Ijyb (D)
6 creatures vanquished.

Vanquished Creatures (others)
  A centaur warrior (D)
  A shining eye (D)
  An unseen horror (D)
  A kobold demonologist (D)
  A floating eye (D)
  A necrophage (D)
  15 jellies (D)
21 creatures vanquished.

Grand Total: 27 creatures vanquished

Notes
Turn   | Place    | Note
-------+----------+-------------------------------------------
     0 | D        | retardedninja the Minotaur Fighter began the quest for the
                  | Orb.
     0 | D        | Reached XP level 1. HP: 19/19 MP: 0/0
     1 | D        | Noticed Ijyb
    15 | D        | Killed Ijyb
    16 | D        | Reached skill level 5 in Fighting
    16 | D        | Reached skill level 5 in Armour
    16 | D        | Reached skill level 5 in Shields
    16 | D        | Reached XP level 2. HP: 12/29 MP: 1/1
   291 | D        | Noticed an ogre
   295 | D        | Killed an ogre
   296 | D        | Reached XP level 3. HP: 38/38 MP: 2/2
   296 | D        | Reached XP level 4. HP: 45/45 MP: 3/3
   309 | D        | Noticed Sigmund
   320 | D        | Killed Sigmund
   321 | D        | Reached XP level 5. HP: 27/56 MP: 4/4
   530 | D        | Found a burning altar of Makhleb.
   530 | D        | Found a viscous altar of Jiyva.
   530 | D        | Found a shimmering altar of Xom.
   530 | D        | Found a corrupted altar of Lugonu.
   530 | D        | Noticed a slime creature
   538 | D        | Killed a slime creature
   539 | D        | Reached skill level 1 in Dodging
   539 | D        | Reached XP level 6. HP: 41/66 MP: 5/5
   800 | D        | Became a worshipper of Jiyva Jicasuo the Shapeless
   804 | D        | Found an ornate altar of the Wu Jian Council.
   804 | D        | Found a shimmering blue altar of Sif Muna.
   806 | D        | Found a radiant altar of Vehumet.
   806 | D        | Killed an unseen horror
   811 | D        | Noticed a centaur warrior
   823 | D        | Killed a centaur warrior
   829 | D        | Found Piofuw's Antique Armour Emporium.
   829 | D        | Found an ancient bone altar of Kikubaaqudgha.
   829 | D        | Found a hazy altar of Hepliaklqana.
   829 | D        | Found a stormy altar of Qazlal.
   829 | D        | Found a hide-covered altar of Uskayaw.
   829 | D        | Found a blossoming altar of Fedhas.
   829 | D        | Found a bloodstained altar of Trog.
   829 | D        | Found an iron altar of Okawaru.
   829 | D        | Found a basalt altar of Yredelemnul.
   829 | D        | Found a glowing golden altar of the Shining One.
   829 | D        | Found a snail-covered altar of Cheibriados.
   829 | D        | Found a sacrificial altar of Ru.
   829 | D        | Found a glowing silver altar of Zin.
   829 | D        | Found a shadowy altar of Dithmenos.
   829 | D        | Found a white marble altar of Elyvilon.
   829 | D        | Noticed a yak
   841 | D        | Noticed a hornet
   850 | D        | Killed a hornet
   850 | D        | Killed a yak
   851 | D        | Reached skill level 10 in Fighting
   851 | D        | Reached skill level 10 in Armour
   851 | D        | Reached XP level 7. HP: 21/73 MP: 6/6
   851 | D        | Found an opulent altar of Gozag.
   852 | D        | Found a sparkling altar of Nemelex Xobeh.
   895 | D        | Noticed a shining eye
   911 | D        | Noticed a shining eye
   963 | D        | Noticed a shining eye
  1052 | D        | Killed a kobold demonologist
  1054 | D        | Noticed a shining eye
  1077 | D        | Killed a shining eye
  1101 | D        | Noticed a demonic crawler
  1104 | D        | Noticed a demonic crawler
  1106 | D        | Noticed a demonic crawler
  1107 | D        | HP: 2/73 [demonic crawler (12)]
  1107 | D        | Mangled by a demonic crawler

Illustrated notes

Levels and vault maps discovered:
D:        dungeon_sprint_1 [red_sonja_temple_1, red_sonja_temple_small_1]

Skill      XL: |  1  2  3  4  5  6 |
---------------+-------------------+-----
Fighting       | 5 6 8 9 10 | 10.4
Axes           | 3 4 6 7 9 |  9.2
Armour         | 5 6 8 9 10 | 10.2
Shields        | 5 6 8 9 |  9.9
Dodging        | 1 2 |  2.0

Action                     |  1- 3 |  4- 6 |  7- 9 || total
---------------------------+-------+-------+-------++-------
  Melee: War axe           |    16 |    32 |     1 ||    49
         Headbutt          |     4 |     3 |       ||     7
  Evoke: Wand              |       |       |     1 ||     1
    Use: Potion            |     1 |     4 |       ||     5
 Armour: Scale mail        |     5 |    12 |     1 ||    18
  Dodge: Dodged            |     8 |    11 |     3 ||    22
  Block: Buckler           |     3 |     6 |     2 ||    11

Table legend: (Time is in decaauts)
 A = Elapsed time spent in this place.
 B = Non-inter-level travel time spent in this place.
 C = Inter-level travel time spent in this place.
 D = Time resting spent in this place.
 E = Time spent auto-exploring this place.
 F = Levels seen in this place.
 G = Mean time per level.
                   A        B        C        D        E       F      G
               +--------+--------+--------+--------+--------+-----+--------+
         Total |   1120 |   1120 |      0 |    962 |      1 |   1 | 1120.0 |
       Dungeon |   1120 |   1120 |      0 |    962 |      1 |   1 | 1120.0 |
               +--------+--------+--------+--------+--------+-----+--------+

Top non-repeatable levels by time:
       D: 1120 daAuts
